cohdb
Replays
Latest Replays
All Replays
Popular Replays
Top Player Replays
Match Explorer
How It Works
Community
CoH3 Stats
Reddit
Sign in to upload your games and track your stats! →
Sign in with Steam
Match 38519950
Unlisted
Match 38519950
Overview
Messages
Build Orders
End
Selects Armored Support Battlegroup
Panzergrenadier Squad
Kradschützen Motorcycle Team
250 Light Carrier
Construct Light Support Kompanie
Combat Half-tracks
Panzergrenadier Squad
Construct Mechanized Kompanie
Selects Superior Fire Drills
Assault Mechanized Group
8 Rad Armored Car
Support Armor Elements
2.5-tonne Medical Truck
Selects Flammpanzer III Medium Tank
Flammpanzer III Medium Tank
Marder III Tank Destroyer
254 Reconnaissance Tractor
le.IG 18 Mechanized Group
StuG III D Assault Gun
Selects Salvage Kits
Selects Panzer Storm
Selects Stuka Dive Bomb
Flammpanzer III Medium Tank
StuG III D Assault Gun
UH|dun! ツ
UH|ck
UH|XTC
Pekko
Mibu
Syverus
0
0
Comments
sign in to comment!
No comments posted yet!